Map: [ESL] Crimson Court

Players

MarsBar

  • Race: Zerg Zerg
  • Spawn Location: 7:00

Future - Winner!

  • Race: Terran Terran
  • Spawn Location: 1:00

Event: ESL Spring 2024 Finals

VOD

Have the link to the VOD?

Description

Time

  • Played on: May 31, 2024, 12:06 p.m.
  • Length: 4:40

All games in this series

Show
View Real Time Build Order
Export as new Build Order

MarsBar Zerg 

Build Orders: Pool First 

Get SALT Encoding   

  12  0:00  Drone  
  13  0:13  Overlord  
  13  0:16  Drone  
  14  0:32  Drone x2  
  16  0:40  Drone, Extractor  
  16  0:47  Spawning Pool  
  15  0:50  Drone  
  16  0:57  Drone  
  17  1:18  Hatchery  
  16  1:20  Drone  
  17  1:35  Zergling x4  
  19  1:40  Zergling x2  
  19  1:42  Queen  
  22  1:52  Metabolic Boost  
  22  1:57  Overlord  
  22  2:07  Baneling Nest  
  21  2:11  Overlord  
  21  2:22  Zergling x2  
  21  2:26  Zergling x2  
  22  2:33  Zergling x2  
  22  2:34  Zergling x2  
  23  2:42  Zergling x2  
  24  2:53  Queen  
  25  3:00  Zergling x8  
  25  3:03  Baneling  
  25  3:05  Baneling  
  29  3:09  Baneling x2  
  29  3:14  Baneling x2  
  28  3:28  Zergling x6  
  25  3:41  Zergling x6  
  28  3:58  Zergling x8  
Show
View Real Time Build Order
Export as new Build Order

Future Terran - Winner!

Build Orders:  

Get SALT Encoding   

  12  0:00  SCV  
  13  0:12  SCV  
  14  0:17  Supply Depot  
  14  0:24  SCV  
  15  0:38  SCV  
  15  0:39  Barracks  
  16  0:43  Refinery  
  16  0:50  SCV  
  17  1:02  SCV  
  18  1:05  Barracks  
  18  1:15  SCV  
  19  1:27  Orbital Command, Reaper  
  20  1:33  Barracks  
  20  1:39  Refinery  
  20  1:47  Supply Depot  
  20  1:52  Reaper  
  21  1:56  SCV  
  22  2:03  Reaper  
  23  2:09  SCV  
  24  2:17  Supply Depot  
  24  2:21  Reaper  
  25  2:25  SCV, Bunker  
  25  2:27  Reaper  
  27  2:36  Reaper  
  28  2:40  SCV  
  29  2:53  Reaper  
  30  3:00  Supply Depot  
  30  3:01  Reaper  
  30  3:02  Supply Depot  
  31  3:08  Reaper  
  31  3:11  SCV  
  33  3:25  Reaper  
  33  3:26  Command Center  
  34  3:33  Reaper  
  35  3:40  Reaper  
  36  3:53  Command Center  
  36  3:57  SCV, Reaper  
  38  4:05  Reaper  
  39  4:21  SCV  
  39  4:24  Barracks  
  39  4:26  Barracks  
Tags
 
Add a new tag
Caveats
  • Supply blocks, unpowered buildings, or Contaminate may cause inaccurate times.
  • Supply counts are checked every 10 seconds.